 Dungeon Crawl Stone Soup version 0.28.0-53-g5a82cb258f (webtiles) character file.

Game seed: 3245887146115867033

421 DocClef the Ruffian (level 6, -4/55 HPs)
             Began as a Troll Gladiator on June 26, 2022.
             Slain by a vampire (8 damage)
             ... on level 6 of the Dungeon.
             The game lasted 00:04:01 (2615 turns).

DocClef the Ruffian (Troll Gladiator)               Turns: 2615, Time: 00:04:02

Health: -4/55      AC:  4    Str: 25    XL:     6   Next: 62%
Magic:  0/5        EV: 14    Int:  4    God:
Gold:   245        SH:  0    Dex: 11    Spells: 5/5 levels left

rFire   . . .      SeeInvis .     - Unarmed
rCold   . . .      Faith    .   (no shield)
rNeg    . . .      Spirit   +   a - +0 robe
rPois   .          Reflect  .   b - +0 hat
rElec   .          Harm     .   (no cloak)
rCorr   .          Rampage  .   (gloves unavailable)
Will    .....                   (boots unavailable)
Stlth   +.........              e - amulet of guardian spirit
HPRegen 0.98/turn               g - +4 ring of evasion
MPRegen 0.09/turn               (no ring)

@: no status effects
A: large, unfitting armour, claws 3, regeneration 1, shaggy fur 1, tough skin 1
a: no special abilities


You were on level 6 of the Dungeon.
You visited 1 branch of the dungeon, and saw 5 of its levels.

You collected 245 gold pieces.

Inventory:

Missiles
 c - 3 throwing nets (quivered)
Armour
 a - a +0 robe (worn)
 b - a +0 hat (worn)
Jewellery
 e - an amulet of guardian spirit (around neck)
 g - a +4 ring of evasion (left claw)
 p - an amulet of the acrobat
Scrolls
 h - a scroll of fog {unknown}
Potions
 d - 2 potions of might
 f - 3 potions of heal wounds
 i - a potion of curing
 j - a potion of magic
 q - a potion of degeneration {unknown}


   Skills:
 - Level 1.5 Fighting
 - Level 1.7 Throwing
 - Level 2.4 Dodging
 + Level 7.6 Unarmed Combat


You had 5 spell levels left.
You didn't know any spells.
Your spell library contained the following spells:

 Spells                   Type           Power      Damage    Failure   Level
 Static Discharge         Conj/Air       0%         N/A       65%         2
 Lightning Bolt           Conj/Air       0%         1d11      100%        5
 Maxwell's Capacitive Co  Air            0%         ∞         100%        8


Dungeon Overview and Level Annotations

Branches:
Dungeon (4/15)
 Temple: D:4-7

Altars:


Innate Abilities, Weirdness & Mutations

You are too large for most types of armour.
You have claws for hands.
Your natural rate of healing is unusually fast.
You are covered in fur. (AC +1)
You have tough skin. (AC +1)


Message History

You closely miss the orc.
The orc is almost dead.
You mangle the orc!!
You kill the orc!
You mangle the orc!!
You kill the orc!
The orc hits you with a +0 flail.
You scratch the ice beast.
The ice beast is lightly wounded.
The orc completely misses you. The ice beast closely misses you.
You claw the ice beast!
The ice beast is heavily wounded.
The shadow imp puffs mist at you. The orc hits you with a +0 flail!
You claw the ice beast!
The ice beast is severely wounded.
The ice beast hits you. The ice beast freezes you!
The orc hits you with a +0 flail!
You closely miss the ice beast.
The ice beast is severely wounded.
The ice beast barely misses you.
You claw the ice beast!
You kill the ice beast!
You scratch the orc but do no damage. Something hits you! Something bites you.
Something draws strength from your injuries!
The orc hits you with a +0 flail.
* * * LOW HITPOINT WARNING * * *
Unknown command.
You miss something. Something hits you!
* * * LOW HITPOINT WARNING * * *
Something bites you.
* * * LOW HITPOINT WARNING * * *
Something draws strength from your injuries!
The orc closely misses you.
Unknown command.
You miss something. Something barely misses you.
Something bites you but does no damage. The orc closely misses you.
Unknown command.
You closely miss something. Something hits you!
You die...

##### #....
###..# ###o@.#
##.5)#####
.###...o....###
...............
....$........##
........o...##
............#
.....?......#
...>........#


You could see a shadow imp and 2 orcs.

Vanquished Creatures
  An ice beast (D:6)
  A kobold brigand (D:3)
  A hound (D:4)
  12 gnolls
  3 adders
  A worm (D:4)
  3 orcs (D:6)
  3 bats (D:2)
  5 endoplasms
  2 giant cockroaches
  3 goblins
  4 hobgoblins
  2 quokkas
  6 ball pythons
  A frilled lizard (D:1)
  46 kobolds
  3 rats
97 creatures vanquished.

Notes
Turn   | Place    | Note
-------+----------+-------------------------------------------
     0 | D:1      | DocClef the Troll Gladiator began the quest for the Orb.
     0 | D:1      | Reached XP level 1. HP: 19/19 MP: 0/0
   317 | D:1      | Reached XP level 2. HP: 27/27 MP: 1/1
   506 | D:1      | Reached skill level 4 in Unarmed Combat
   749 | D:2      | Reached XP level 3. HP: 33/33 MP: 2/2
   825 | D:2      | Found a faded altar of an unknown god.
  1348 | D:3      | Reached XP level 4. HP: 36/41 MP: 3/3
  1605 | D:3      | Reached skill level 5 in Unarmed Combat
  1777 | D:3      | Noticed a kobold brigand
  1794 | D:3      | Killed a kobold brigand
  1795 | D:3      | Reached skill level 6 in Unarmed Combat
  1795 | D:3      | Reached XP level 5. HP: 25/48 MP: 1/4
  2136 | D:3      | Reached XP level 6. HP: 39/55 MP: 2/5
  2540 | D:4      | Reached skill level 7 in Unarmed Combat
  2545 | D:4      | Identified a scroll of acquirement
  2547 | D:4      | Acquired a +4 ring of evasion
  2589 | D:4      | You fall into a shaft and drop 2 floors!
  2589 | D:6      | Noticed a vampire
  2589 | D:6      | Noticed an ice beast
  2611 | D:6      | Killed an ice beast
  2615 | D:6      | Slain by a vampire

Illustrated notes

Levels and vault maps discovered:
D:1:      dpeg_arrival_short_road, layout_loops_cross, minmay_pentomino_p2
D:2:      layout_basic, hellmonk_ecumenical_altar_leap_of_faith
D:3:      minmay_goblin_kobold_castle, layout_basic, corner_web_ring
D:4:      layout_basic, uniq_grinder
D:6:      layout_rooms, mainiacjoe_overflow_large_starburst

Skill      XL: |  1  2  3  4  5  6 |
---------------+-------------------+-----
Unarmed Combat | 4 6 7 |  7.6
Fighting       | |  1.5
Throwing       | |  1.7
Dodging        | |  2.4

Action                   |  1- 3 |  4- 6 || total
-------------------------+-------+-------++-------
Melee: Unarmed           |    97 |   181 ||   278
       Punch             |     2 |     4 ||     6
  Use: Scroll            |       |    11 ||    11
 Stab: Sleeping          |     3 |       ||     3
Armor: Robe              |    24 |    56 ||    80
Dodge: Dodged            |    48 |   112 ||   160
